 Dungeon Crawl Stone Soup version 0.30-a0-879-ga8ba668304 (webtiles) character file.

Game seed: 9564201868811712396

1953 Iich the Chopper (level 8, -1/62 (67) HPs)
             Began as a Demonspawn Fighter on Mar 12, 2023.
             Slain by a wight
             ... wielding a +0 great sword
              (6 damage)
             ... on level 7 of the Dungeon.
             The game lasted 00:14:16 (5426 turns).

Iich the Chopper (Demonspawn Fighter)               Turns: 5426, Time: 00:14:17

HP:   -1/62 (67)    AC: 18    Str: 24    XL:     8   Next: 99%
MP:   17/17         EV:  9    Int: 10    God:
Gold: 309           SH:  5    Dex: 14    Spells: 7/7 levels left

rFire   . . .      SeeInvis .    a - +0 war axe
rCold   . . .      Faith    .    c - +0 buckler
rNeg    . . .      Spirit   .    b - +0 scale mail
rPois   .          Reflect  .    (helmet restricted)
rElec   .          Rampage  .    (no cloak)
rCorr   .                        i - +0 pair of gloves
Will    .....                    (no boots) Stlth
                                 s - amulet of regeneration
HPRegen 1.10/turn                p - +4 ring of protection
MPRegen 0.15/turn                E - ring "Dideppom" {Will- MP+9 Str+7}

@: sanguine armoured, drained
A: antennae 2, demonic guardian 1, spiny 1, sanguine armour 1
a: no special abilities


You were on level 7 of the Dungeon.
You visited 1 branch of the dungeon, and saw 7 of its levels.
You also visited: Sewer.

You collected 309 gold pieces.

Inventory:

Hand Weapons
 a - a +0 war axe (weapon)
Armour
 b - a +0 scale mail (worn)
 c - a +0 buckler (worn)
 i - a +0 pair of gloves (worn)
Jewellery
 k - a +6 ring of strength
 p - a +4 ring of protection (left hand)
 s - an amulet of regeneration (around neck)
 y - a +4 ring of protection
 C - a ring of resist corrosion
 E - the ring "Dideppom" (right hand) {Will- MP+9 Str+7}
   (You found it on level 6 of the Dungeon)

   [ring of magical power]

   Str:       It affects your strength (+7).
   MP:        It affects your magic capacity (+9).
   Will:      It decreases your willpower.
 I - a ring of protection from cold
Scrolls
 e - a scroll of amnesia {unknown}
 f - a scroll of brand weapon
 g - a scroll of fear
 m - a scroll of vulnerability
 o - 2 scrolls of magic mapping
 t - 3 scrolls of teleportation
 u - 3 scrolls of fog
 A - a scroll of poison
 B - a scroll of blinking
Potions
 d - 2 potions of might
 h - 2 potions of brilliance
 j - a potion of degeneration
 l - a potion of heal wounds
 n - 2 potions of resistance
 q - 4 potions of curing
 r - a potion of attraction {unknown}
 v - 2 potions of cancellation {unknown}
 w - a potion of mutation {unknown}
 x - 2 potions of flight
 z - 3 potions of haste {unknown}
 D - a potion of invisibility {unknown}
 F - a potion of ambrosia {unknown}


   Skills:
 + Level 7.0 Fighting
 * Level 7.4 Axes
 - Level 4.6 Armour
 - Level 4.7 Shields


You had 7 spell levels left.
You didn't know any spells.
Your spell library contained the following spells:

 Spells                   Type           Power      Damage    Failure   Level
 Apportation              Tloc           0%         N/A       75%         1
 Beastly Appendage        Tmut           0%         N/A       75%         1
 Necrotise                Necr           0%         1d4       75%         1
 Summon Small Mammal      Summ           0%         N/A       75%         1
 Ensorcelled Hibernation  Hex/Ice        0%         N/A       87%         2
 Passwall                 Tmut/Erth      0%         N/A       87%         2
 Wereblood                Tmut           0%         N/A       87%         2
 Spider Form              Tmut/Pois      0%         N/A       98%         3
 Swiftness                Air            0%         N/A       98%         3
 Airstrike                Air            0%         2d(0-16)  100%        4
 Summon Lightning Spire   Summ/Air       0%         N/A       100%        4
 Lightning Bolt           Conj/Air       0%         1d11      100%        5


Dungeon Overview and Level Annotations

Branches:
Dungeon (7/15)              Sewer (visited)
 Temple: D:4-7

Altars:
Cheibriados
Okawaru
Trog
Uskayaw

Shops:
D:3 (


Innate Abilities, Weirdness & Mutations

You have a pair of antennae on your head.
A weak demonic guardian rushes to your aid.
You are partially covered in sharp spines.
When seriously injured, your blood forms armour. (AC +6)


Message History

The wight hits you with a +0 great sword!
* * * LOW HITPOINT WARNING * * *
You take 9 damage, and have 26/67 hp.
You hit the wight but do no damage.
The wight is moderately damaged.
You completely miss the wight.
The wight hits you from afar with a +0 trident!
* * * LOW HITPOINT WARNING * * *
You block the wight's attack.
You take 8 damage, and have 18/67 hp.
You feel much better. The wight hits you but does no damage.
The wight hits you with a +0 great sword.
You feel drained. You block the wight's attack.
You regained 19 hp, and now have 37/66 hp.
You slash the wight!
The wight is heavily damaged.
You hit the wight. You block the wight's attack.
The wight hits you but does no damage. x2
You barely miss the wight.
The wight is heavily damaged.
You closely miss the wight. The wight misses you.
The wight hits you with a +0 great sword!
You feel drained. You block the wight's attack.
You take 7 damage, and have 31/65 hp.
You hit the wight.
The wight is heavily damaged.
You barely miss the wight. The wight barely misses you.
The wight hits you with a +0 great sword!
* * * LOW HITPOINT WARNING * * *
You feel drained.
* * * LOW HITPOINT WARNING * * *
The wight hits you with a +4 falchion.
* * * LOW HITPOINT WARNING * * *
The wight hits you with a +4 falchion!
* * * LOW HITPOINT WARNING * * *
A demonic guardian appears!
You feel drained.
* * * LOW HITPOINT WARNING * * *
The wight misses you. The wight is struck by your spines.
The wight hits you with a +0 great sword.
You die...

###.....# ###.....#.#
#........#
#.....#.#..####....)....
#.....# ....##........#
......# .#....#........#
......# ..#...#........#
#.....# #.##....5.z....#
#.....# #.##)###z.#...##
#.....# #.##))#.@z.....#
#.....# #>###.)........#
#.....###.#####))......#
....#......# #.).......
....####...# #.........
....# ##..####...######
#...# ##.#...........
#...# #......#######
#### #..#####


You could see 3 wights and a friendly ufetubus (summoned).

Vanquished Creatures
  2 water moccasins (D:5)
  2 ice beasts (D:5)
  2 black bears (D:5)
  2 centaurs
  A kobold brigand (D:7)
  4 scorpions
  A wight (D:7)
  A howler monkey (D:6)
  3 jellies
  An iron imp (D:6)
  A gnoll bouda (D:5)
  An orc priest (D:7)
  4 hounds
  An iguana (D:5)
  2 sleepcaps (D:5)
  2 orc wizards
  10 gnolls
  12 adders
  2 river rats (Sewer)
  A shadow imp (D:3)
  2 white imps (D:6)
  2 ufetubi (D:6)
  A worm (D:2)
  4 dart slugs
  12 orcs
  5 endoplasms
  4 giant cockroaches
  8 goblins
  5 hobgoblins
  11 jackals
  10 kobolds
  A quokka (D:3)
  8 ball pythons
  5 bats
  7 frilled lizards
  9 rats (Sewer)
149 creatures vanquished.

Vanquished Creatures (collateral kills)
  An orc wizard (D:7)
  An orc (D:7)
2 creatures vanquished.

Grand Total: 151 creatures vanquished

Notes
Turn   | Place    | Note
-------+----------+-------------------------------------------
     0 | D:1      | Iich the Demonspawn Fighter began the quest for the Orb.
     0 | D:1      | Reached XP level 1. HP: 18/18 MP: 1/1
   186 | D:1      | Gained mutation: When seriously injured, your blood forms
                  | armour. (AC +6) [demonic ancestry]
   186 | D:1      | Reached XP level 2. HP: 24/24 MP: 2/2
   421 | D:1      | Found a faded altar of an unknown god.
   602 | D:1      | Reached XP level 3. HP: 27/29 MP: 3/3
  1328 | D:2      | Found a hide-covered altar of Uskayaw.
  1331 | D:2      | Gained mutation: You have a pair of small antennae on your
                  | head. [demonic ancestry]
  1331 | D:2      | Reached XP level 4. HP: 35/35 MP: 4/4
  1564 | D:3      | Found Bekhlaad's Weapon Emporium.
  1856 | D:3      | Identified the +1 leather armour "Mimacef" {Int+3}
  2200 | D:4      | Found an iron altar of Okawaru.
  2232 | D:4      | Reached XP level 5. HP: 35/42 MP: 5/5
  3011 | D:5      | Entered Level 5 of the Dungeon
  3030 | D:5      | Noticed a black bear
  3039 | D:5      | Killed a black bear
  3040 | D:5      | Gained mutation: You are partially covered in sharp spines.
                  | [demonic ancestry]
  3040 | D:5      | Reached XP level 6. HP: 34/49 MP: 6/6
  3087 | D:5      | Noticed a water moccasin
  3097 | D:5      | Killed a water moccasin
  3098 | D:5      | Gained mutation: You have a pair of antennae on your head.
                  | [demonic ancestry]
  3098 | D:5      | Reached XP level 7. HP: 32/55 MP: 7/7
  3204 | D:5      | Found a glowing drain.
  3250 | D:5      | Reached skill level 5 in Fighting
  3345 | Sewer    | Entered a sewer
  3830 | D:5      | Reached skill level 5 in Axes
  3917 | D:5      | Gained mutation: A weak demonic guardian rushes to your
                  | aid. [demonic ancestry]
  3917 | D:5      | Reached XP level 8. HP: 54/64 MP: 8/8
  4376 | D:6      | Found a bloodstained altar of Trog.
  4392 | D:6      | Identified the ring "Dideppom" {Will- MP+9 Str+7}
  4723 | D:6      | Found a snail-covered altar of Cheibriados.
  5426 | D:7      | Slain by a wight

Illustrated notes

Levels and vault maps discovered:
D:1:      lightli_arrival_quake, layout_loops_corners,
          ebering_ecumenical_altar_sacrificial, st_stairs_3
D:2:      layout_rooms, st_stairs_13, minmay_hexomino_r4
D:3:      layout_basic, lemuel_round_altar, serial_shops,
          nicolae_shop_bloodbath_and_beyond
D:4:      layout_basic, okawaru_gym_becter
D:5:      dreamdust_elfheim, layout_basic, gup_sewer_entry_glass, serial_rivers,
          chequers_serial_rivers_large_a, chequers_serial_rivers_micro_e,
          chequers_serial_rivers_micro_d, chequers_serial_rivers_micro_e,
          chequers_serial_rivers_small_b
D:6:      layout_loops_ring, mainiacjoe_overflow_brackets, slow_altar_2,
          centaur_isle
D:7:      layout_rooms, minmay_temple_entry_tees, enter_bailey_2

Skill      XL: |  1  2  3  4  5  6  7  8 |
---------------+-------------------------+-----
Axes           | 2 3 5 7 |  7.4
Shields        | 3 4 |  4.7
Armour         | 3 4 |  4.6
Fighting       | 4 5 7 |  7.0

Action                     |  1- 3 |  4- 6 |  7- 9 || total
---------------------------+-------+-------+-------++-------
  Melee: War axe           |    80 |   126 |   197 ||   403
    Use: Potion            |       |     5 |     3 ||     8
         Scroll            |       |     5 |     3 ||     8
 Armour: Scale mail        |    49 |    94 |   111 ||   254
  Dodge: Dodged            |    46 |    83 |   138 ||   267
  Block: Buckler           |    23 |    42 |    75 ||   140

Table legend: (Time is in decaauts)
 A = Elapsed time spent in this place.
 B = Non-inter-level travel time spent in this place.
 C = Inter-level travel time spent in this place.
 D = Time resting spent in this place.
 E = Time spent auto-exploring this place.
 F = Levels seen in this place.
 G = Mean time per level.
                   A        B        C        D        E       F      G
               +--------+--------+--------+--------+--------+-----+--------+
         Total |   5614 |   5303 |    311 |    356 |   3560 |   8 |  701.8 |
       Dungeon |   5211 |   4900 |    311 |    356 |   3319 |   7 |  744.4 |
         Sewer |    403 |    403 |      0 |      0 |    240 |   1 |  403.0 |
               +--------+--------+--------+--------+--------+-----+--------+

Top non-repeatable levels by time:
     D:1: 1139 daAuts
     D:6: 1035 daAuts
     D:4: 952 daAuts
     D:5: 950 daAuts
     D:3: 531 daAuts
     D:2: 464 daAuts
   Sewer: 403 daAuts
     D:7: 138 daAuts
